[Event "Early-Titled-Tuesday-Blitz-February-20-2024"]
[Site "Chess.com"]
[Date "2024.02.20"]
[Round "8"]
[White "Genghis_K"]
[Black "Abund"]
[Result "1-0"]
[WhiteElo "2938"]
[BlackElo "2791"]
[TimeControl "180+1"]
[EndTime "9:30:54 PST"]
[Termination "Genghis_K won on time"]

1. e4 c6 2. Nf3 d5 3. Nc3 dxe4 4. Nxe4 Nf6 5. Qe2 Nxe4 6. Qxe4 Nd7 7. Bc4 Nf6 8. Ne5 e6 9. Qe2 b5 10. Bd3 Qc7 11. b3 Nd5 12. Bb2 Nf4 13. Qg4 Nxd3+ 14. Nxd3 f6 15. O-O-O Bd6 16. Rhe1 O-O 17. h4 e5 18. Qe4 a5 19. h5 h6 20. g4 a4 21. b4 a3 22. Bc3 Be6 23. f4 Bd5 24. Qe3 e4 25. Nc5 Bxf4 26. Qe2 Rae8 27. Kb1 Qf7 28.
Ka1 Re7 29. Qf2 Bg5 30. Nb3 Rfe8 31. Bd4 Qe6 32. Qg3 Rd8 33. Nc5 Qf7 34. Qc3 Rde8 35. Be3 Bxe3 36. dxe3 Bxa2 37. Rf1 Bc4 38. Rf4 a2 39.
Kb2 Ra7 40. Ra1 Qe7 41. Rxe4 Qf7 42. Rd4 Qc7 43. Rad1 Qe5 44. e4 Kh7 45. Nd7 Qe7 46. Nc5 Qe5 47. Nd7 Qg5 48. Ka1 Re7 49. Nf8+ Kg8 50.
Ng6 Re8 51. Rd8 Ra8 52. Rxa8 Rxa8 53. Qd4 Qxg4 54. Ne7+ Kh7 55. Nf5 Rb8 56. Rg1 1-0

[Event "Early-Titled-Tuesday-Blitz-February-20-2024"]
[Site "Chess.com"]
[Date "2024.02.20"]
[Round "8"]
[White "HelvertHernandez"]
[Black "Dewarfd"]
[Result "0-1"]
[WhiteElo "1974"]
[BlackElo "2147"]
[TimeControl "180+1"]
[EndTime "9:30:54 PST"]
[Termination "Dewarfd won by resignation"]

1. e4 c5 2. Nf3 g6 3. d4 cxd4 4. Nxd4 Nc6 5. Be3 Nf6 6. f3 Bg7 7. Qd2 O-O 8. Bc4 Qb6 9. Nb3 Qb4 10. Qxb4 Nxb4 11. Na3 Nxe4 12. c3 Nxc3 13. O-O Na4 14. Bd4 d5 15. Bxg7 Kxg7 16. Bb5 Nxb2 17. Rab1 N2d3 18.
Nc1 Nxc1 19. Rfxc1 a5 20. Rc7 Bf5 21. Rd1 Nxa2 22.
Rd2 Nb4 23. Rxb7 Rab8 24. Rxe7 Nc2 25. Nxc2 Bxc2 26. Rxc2 Rxb5 27. Rd2 Ra8 28. Rd7 a4 29. R7xd5 Rxd5 30. Rxd5 a3 31. Rd1 a2 32. Ra1 Kf6 33. Kf2 Ke5 34. g3 Kd4 35. Ke2 Kc3 36. f4 Kb2 37. Rd1 Re8+ 38. Kf3 Rc8 39. Kg4 Rc1 40.
Rd2+ Kb3 41. Rxa2 Kxa2 42. Kg5 Rh1 43. h4 Rh3 44. g4 Kb3 45. f5 Kc4 46. fxg6 fxg6 47.
h5 gxh5 48. gxh5 Kd5 49. Kh6 Ke6 50. Kxh7 Rxh5+ 51. Kg6 Rf5 52. Kg7 Rf6 53. Kg8 Rf7 54.
Kh8 Kf6 55. Kg8 Kg6 0-1

[Event "Early-Titled-Tuesday-Blitz-February-20-2024"]
[Site "Chess.com"]
[Date "2024.02.20"]
[Round "8"]
[White "AttilaTurzo"]
[Black "Doublekk14"]
[Result "0-1"]
[WhiteElo "2488"]
[BlackElo "2318"]
[TimeControl "180+1"]
[EndTime "9:30:55 PST"]
[Termination "Doublekk14 won by resignation"]

1. d4 Nf6 2. Bf4 d5 3. Nf3 e6 4.
e3 c5 5. c3 Nc6 6. Nbd2 Bd6 7.
Bg3 O-O 8. Bd3 Qe7 9. Ne5 Bxe5 10. dxe5 Nd7 11. f4 f5 12. Qf3 b6 13. O-O Bb7 14.
Qf2 c4 15. Bc2 Nc5 16. Bh4 Qf7 17. Nf3 h6 18. Nd4 Nxd4 19. exd4 Ne4 20. Qe2 b5 21.
Kh1 Bc6 22. g4 fxg4 23. Qxg4 Qf5 24. Rg1 Rf7 25. Raf1 Raf8 26. h3 h5 27. Qe2 Qxh3+ 28. Qh2 Qxh2+ 29. Kxh2 Rxf4 30. Rxf4 Rxf4 31. Be1 Kf7 32.
Bd1 g6 33. Kg2 Be8 34. Rh1 Kg7 35. Rh3 Kh6 36. Bc2 g5 37. Rf3 Rxf3 38. Kxf3 Bg6 39. Bxe4 Bxe4+ 40. Kg3 Bb1 41. a3 Be4 42. Bd2 Kg6 43. Kh3 Kf5 44. Kg3 h4+ 45. Kh3 Bf3 46.
Bc1 Bg4+ 47. Kg2 Be2 48. Kh3 Bf1+ 49. Kh2 g4 50. Kg1 Bd3 51. Kf2 Be4 52. Bh6 g3+ 53.
Kg1 h3 0-1

[Event "Early-Titled-Tuesday-Blitz-February-20-2024"]
[Site "Chess.com"]
[Date "2024.02.20"]
[Round "8"]
[White "Rurep26"]
[Black "LionTheLeon_06"]
[Result "0-1"]
[WhiteElo "2727"]
[BlackElo "2884"]
[TimeControl "180+1"]
[EndTime "9:30:56 PST"]
[Termination "LionTheLeon_06 won by resignation"]

1. d4 Nf6 2. Bf4 b6 3. e3 Bb7 4. Nd2 e6 5. Ngf3 Be7 6. h3 O-O 7. Be2 c5 8. c3 cxd4 9. exd4 d6 10. O-O Nbd7 11. Re1 a6 12. a4 Re8 13. Bh2 Nf8 14.
Qb3 Rb8 15. Bd3 Qc7 16. Qc2 Ng6 17. Ne4 Nd5 18. Qd2 Rbd8 19. Rac1 Qb8 20. c4 Nf6 21. c5 bxc5 22. dxc5 Qa8 23. Nxd6 Bxd6 24. Bxd6 Bxf3 25.
gxf3 Nh4 26. Be2 Qxf3 27. Bxf3 Nxf3+ 28. Kg2 Nxd2 29. f3 Nb3 30. Rc2 Nd5 31. Kf2 a5 32. Re4 Rc8 33. c6 Red8 34. Bh2 Nb4 35. Rc3 Nd4 36. c7 Rd5 37. Be5 Ndc6 38. Bg3 e5 39. Rec4 Rxc7 40. Kg2 f6 41. Be1 Rd1 42. Bf2 Rd2 43.
Kg3 Rxb2 44. Bb6 Rc8 45. Bxa5 Ra8 46. Bxb4 Nxb4 47. a5 Nd5 48. Rd3 Nf4 49. Rd7 Rg2+ 0-1

[Event "Early-Titled-Tuesday-Blitz-February-20-2024"]
[Site "Chess.com"]
[Date "2024.02.20"]
[Round "8"]
[White "Jumbo"]
[Black "Ordekalog"]
[Result "1-0"]
[WhiteElo "2830"]
[BlackElo "2623"]
[TimeControl "180+1"]
[EndTime "9:30:57 PST"]
[Termination "Jumbo won on time"]

1. e4 c5 2. Nf3 e6 3. c3 Nc6 4. d4 cxd4 5. cxd4 d6 6. Nc3 Nf6 7. Bd3 Be7 8. O-O O-O 9. a3 e5 10. d5 Nb8 11. h3 Nbd7 12. Be3 a6 13. b4 b5 14. a4 bxa4 15. Nxa4 Rb8 16. Rb1 g6 17.
Nd2 Nh5 18. Nc4 Ndf6 19. Na5 Rxb4 20. Rxb4 Qxa5 21. Qb3 Qd8 22. Nb6 Nf4 23. Rc1 Bb7 24. Bf1 N6h5 25. g3 a5 26. Ra4 f5 27. gxf4 exf4 28. Bd2 Bh4 29. exf5 Rxf5 30. Bg2 f3 31. Bxf3 Bg5 32. Bxh5 Bxd2 33. Bg4 Rg5 34. Rd1 Bb4 35.
Rxb4 axb4 36. Qe3 h5 37. f4 hxg4 38. fxg5 b3 39. Re1 b2 40. hxg4 Qf8 41. Qe6+ Kg7 42.
Qf6+ Qxf6 43. gxf6+ Kxf6 44. Rb1 1-0

[Event "Early-Titled-Tuesday-Blitz-February-20-2024"]
[Site "Chess.com"]
[Date "2024.02.20"]
[Round "8"]
[White "SahibSinghKnight"]
[Black "ansko1999"]
[Result "0-1"]
[WhiteElo "2572"]
[BlackElo "2699"]
[TimeControl "180+1"]
[EndTime "9:31:01 PST"]
[Termination "ansko1999 won by resignation"]

1. e4 d6 2. d4 g6 3. Be3 Bg7 4.
Nc3 a6 5. Qd2 Nd7 6. O-O-O b5 7.
f4 Bb7 8. e5 Nh6 9. Nf3 Nf5 10.
Bf2 c5 11. dxc5 dxe5 12. Bd3 Nd4 13. Be4 Nxf3 14. gxf3 Qc7 15. Nd5 Bxd5 16. Qxd5 Rc8 17. c6 Nf6 18. Qxe5 Qxe5 19. fxe5 Nxe4 20. fxe4 Rxc6 21. Rd5 O-O 22. Kb1 Rfc8 23. c3 e6 24. Rd7 Bxe5 25. Rf1 R6c7 26. Rd2 Bf4 27. Re2 Rd7 28. Bd4 e5 29. Bb6 Rc6 30. Bg1 Rcd6 31. Rfe1 Rd1+ 32. Kc2 R7d2+ 33. Rxd2 Rxd2+ 34. Kb3 Bxh2 35. Be3 Rg2 36. Bh6 Bf4 37. Bxf4 exf4 38. Rf1 g5 39. Ka3 h5 40. b3 h4 41. c4 bxc4 42. bxc4 h3 43.
Rc1 h2 44. Rh1 g4 45. c5 g3 46. Kb3 Rg1 47. c6 Rxh1 48. Kb2 Rb1+ 0-1

[Event "Early-Titled-Tuesday-Blitz-February-20-2024"]
[Site "Chess.com"]
[Date "2024.02.20"]
[Round "8"]
[White "campochess"]
[Black "lluiss"]
[Result "1/2-1/2"]
[WhiteElo "2137"]
[BlackElo "2160"]
[TimeControl "180+1"]
[EndTime "9:31:02 PST"]
[Termination "Game drawn by repetition"]

1. e4 e6 2. Qe2 c5 3. c3 Nc6 4.
Nf3 Nf6 5. d4 cxd4 6. cxd4 d5 7.
e5 Ne4 8. Nc3 Nxc3 9. bxc3 Be7 10. h4 Qa5 11. Bd2 Qa4 12. Qb5 Qxb5 13. Bxb5 Bd7 14.
Bd3 Rc8 15. Rc1 Na5 16. Ke2 Nc4 17. Be1 Bb5 18. g4 Kd7 19. Nd2 Ba6 20. Nxc4 Bxc4 21. Bxc4 Rxc4 22. Bd2 Rhc8 23. Rb1 R8c7 24. f4 Ra4 25. Rb2 a6 26. f5 b5 27. fxe6+ fxe6 28. g5 Rc8 29. Rf1 Rf8 30. Rxf8 Bxf8 31. Kd3 Ra3 32.
Kc2 Ra4 33. Kb1 Rc4 34. Kc2 Ba3 35. Rb1 Ke7 36. Kd3 Kf7 37. h5 Ke7 38. Rf1 Rc8 39. g6 hxg6 40. hxg6 Rf8 41. Bg5+ Ke8 42. Rh1 Rf3+ 43. Kd2 Rg3 44. Rh8+ Kd7 45. Rh5 Be7 46.
Bxe7 Kxe7 47. Rh8 Rxg6 48. Ra8 Rg2+ 49. Ke3 Rxa2 50. Ra7+ Kf8 51. Kf4 a5 52. Rb7 Rb2 53. Kg5 b4 54. cxb4 axb4 55. Kg6 Rg2+ 56. Kh7 Rh2+ 57.
Kg6 Rg2+ 58. Kh7 Rh2+ 59. Kg6 Rg2+ 1/2-1/2

[Event "Early-Titled-Tuesday-Blitz-February-20-2024"]
[Site "Chess.com"]
[Date "2024.02.20"]
[Round "8"]
[White "Fandorine"]
[Black "Witik"]
[Result "1-0"]
[WhiteElo "2957"]
[BlackElo "2778"]
[TimeControl "180+1"]
[EndTime "9:31:03 PST"]
[Termination "Fandorine won by resignation"]

1. d4 Nf6 2. c4 e6 3. Nc3 Bb4 4. Nf3 b6 5. Bg5 Bb7 6. e3 h6 7.
Bh4 Bxc3+ 8. bxc3 d6 9. Nd2 c5 10. f3 Nc6 11. Bd3 Qe7 12. O-O g5 13. Bf2 h5 14. e4 h4 15. a4 Nh5 16. Nb3 Nf4 17. a5 Rd8 18. Be3 Qf6 19. Kh1 Nh5 20. Rf2 e5 21. d5 Ne7 22. axb6 axb6 23. Ra7 Bc8 24. Kg1 Ng6 25. Bf1 Ngf4 26. Nc1 Kf8 27. Qb3 g4 28. fxg4 Bxg4 29. Nd3 Kg7 30. Qxb6 Rb8 31.
Rb7 Ra8 32. Qb1 Ra3 33. Qc1 Rha8 34. Nxf4 exf4 35. Bxf4 Ra1 36. Bh6+ Qxh6 37. Rbxf7+ Kg6 38. R2f6+ Nxf6 39. Rxf6+ Kxf6 40. Qxh6+ Kf7 41. Qf4+ Ke7 42. Qg5+ Kf7 43. Qxg4 Rb1 44. Qxh4 Raa1 45. Qf4+ Ke7 46. g3 1-0

[Event "Early-Titled-Tuesday-Blitz-February-20-2024"]
[Site "Chess.com"]
[Date "2024.02.20"]
[Round "8"]
[White "RantomOpening"]
[Black "chessdjw"]
[Result "0-1"]
[WhiteElo "2547"]
[BlackElo "2748"]
[TimeControl "180+1"]
[EndTime "9:31:03 PST"]
[Termination "chessdjw won by resignation"]

1. c4 g6 2. Nf3 Bg7 3. e4 e5 4. d4 exd4 5. Nxd4 Nf6 6. Nc3 O-O 7.
Be2 Re8 8. f3 c6 9. O-O d5 10.
exd5 cxd5 11. Bg5 Nc6 12. cxd5 Nxd4 13. Qxd4 Nxd5 14. Qxd5 Bd4+ 15. Kh1 Qxd5 16. Nxd5 Rxe2 17. Rfe1 Rxe1+ 18. Rxe1 Be6 19. Bf6 Bxf6 20. Nxf6+ Kg7 21. Ne4 Bxa2 22. Nc3 Be6 23. Rd1 Rc8 24. Kg1 Rc6 25. Kf2 Rb6 26. Rd2 Rb4 27. Ne4 b6 28. h4 h6 29. g3 a5 30. Ke3 Rb3+ 31. Nc3 a4 32. Rc2 b5 33. Kd2 b4 34. Nxa4 Rxf3 35. Nc5 Bf5 36. Rc4 Rxg3 37. Rxb4 g5 38. hxg5 hxg5 39. Rb3 Rg2+ 40. Ke1 Rc2 41. Na4 g4 42. Nc3 Be6 43. Rb4 g3 44. Ne2 g2 45. Re4 Rxe2+ 46. Rxe2 g1=Q+ 47. Kd2 Qd4+ 48. Kc2 Bf5+ 49. Kc1 Qc4+ 50. Rc2 Qf1+ 0-1

[Event "Early-Titled-Tuesday-Blitz-February-20-2024"]
[Site "Chess.com"]
[Date "2024.02.20"]
[Round "8"]
[White "Viacheslav92"]
[Black "SirGerhard"]
[Result "0-1"]
[WhiteElo "2547"]
[BlackElo "2744"]
[TimeControl "180+1"]
[EndTime "9:31:04 PST"]
[Termination "SirGerhard won on time"]

1. d4 Nf6 2. Bg5 Ne4 3. h4 c5 4. dxc5 d5 5. cxd6 Qb6 6. e3 Qxb2 7. Nd2 Nxd2 8. Kxd2 f6 9. Rb1 Qxa2 10. dxe7 Bxe7 11.
Bf4 O-O 12. f3 Rd8+ 13. Bd3 Nc6 14. Ke1 Nb4 15. Ne2 Nxd3+ 16. cxd3 b6 17. Qb3+ Qxb3 18. Rxb3 Be6 19. Rb2 Rxd3 20. Nd4 Bd7 21. Ke2 Ra3 22. Rc1 Bc5 23. Nb3 Bf8 24. Rc7 Bb5+ 25. Kf2 Be8 26. Nd4 Bf7 27. Nc6 Ra2 28. Rxa2 Bxa2 29. Rxa7 Rxa7 30. Nxa7 Bc4 31. Nc8 b5 32. Nd6 Bd3 33.
Ke1 g5 34. hxg5 fxg5 35. Be5 h5 36. g3 Bh6 37. Kd2 Bf1 38. f4 h4 39. fxg5 h3 40. g4 Bxg5 41. Ne4 Be7 42. Nf2 Kf7 43. Kc3 Ke6 44. Bf4 Bh4 45. Nxh3 Bxh3 46. Kb4 Bf1 47. g5 Be1+ 48. Kc5 b4 49. g6 b3 50. g7 Kf7 51.
Be5 Bd2 52. Bb2 Bd3 53. Ba1 Bxe3+ 54. Kb4 Bc2 55. Bc3 Bc1 56. Bd4 b2 0-1

[Event "Early-Titled-Tuesday-Blitz-February-20-2024"]
[Site "Chess.com"]
[Date "2024.02.20"]
[Round "8"]
[White "DeArron_Fox"]
[Black "annamaja"]
[Result "1-0"]
[WhiteElo "2522"]
[BlackElo "2391"]
[TimeControl "180+1"]
[EndTime "9:31:04 PST"]
[Termination "DeArron_Fox won by checkmate"]

1. d4 d5 2. c4 c6 3. Nc3 Nf6 4. e3 g6 5. Nf3 Bg7 6. Be2 O-O 7.
O-O e6 8. b3 Nbd7 9. a4 Re8 10.
Ba3 Ne4 11. Qc2 Nxc3 12. Qxc3 Nf6 13. Qc2 Ne4 14. b4 b6 15. b5 Bb7 16. a5 cxb5 17. cxb5 bxa5 18. Rfc1 Rc8 19. Qb2 Qb6 20. Ne5 Bxe5 21.
dxe5 Rxc1+ 22. Rxc1 Rc8 23. Bf3 Rxc1+ 24. Qxc1 Qxb5 25.
Bxe4 dxe4 26. Bd6 a4 27. h4 h5 28. Qc7 a3 29. Qd8+ Kh7 30. Qe7 a2 31. Qxf7+ Kh8 32. Qf6+ Kg8 33. Qxg6+ Kh8 34. Qh6+ Kg8 35. Qf8+ Kh7 36.
Qf7+ Kh8 37. Qxh5+ Kg8 38. Qg6+ Kh8 39. Qh6+ Kg8 40. Qxe6+ Kh8 41. Qxa2 a5 42. Qf7 Qd5 43. Qf8+ Kh7 44. Qf5+ Kh8 45. Be7 a4 46. Bf6+ Kg8 47. Qg6+ Kf8 48. Qg7+ Ke8 49. Qe7# 1-0

[Event "Early-Titled-Tuesday-Blitz-February-20-2024"]
[Site "Chess.com"]
[Date "2024.02.20"]
[Round "8"]
[White "TemploVillamarin"]
[Black "pfalcon1949"]
[Result "0-1"]
[WhiteElo "2119"]
[BlackElo "1997"]
[TimeControl "180+1"]
[EndTime "9:31:04 PST"]
[Termination "pfalcon1949 won on time"]

1. d4 Nf6 2. Nc3 d5 3. e4 dxe4 4. f3 e3 5. Bxe3 Bf5 6. Qd2 e6 7. O-O-O Nc6 8. g4 Bg6 9. Bb5 Nd5 10.
Nxd5 Qxd5 11. c4 Qd7 12. d5 a6 13. Ba4 b5 14. cxb5 axb5 15. dxc6 Qxc6+ 16. Qc3 Qxc3+ 17. bxc3 bxa4 18. Bd4 Ba3+ 19. Kd2 Rb8 20. Ke3 O-O 21. Ne2 f6 22. Kf2 Rb2 23. c4 Rxa2 24. Ra1 Rxa1 25.
Rxa1 c5 26. Rxa3 cxd4 27. Nxd4 Rd8 28. Nxe6 Rd2+ 29. Ke3 Rxh2 30. Rxa4 h5 31. gxh5 Bxh5 32. Ra7 g5 33. Rg7+ Kh8 34. Re7 Rc2 35. Kd3 Rc1 36.
c5 Bxf3 37. Kd4 g4 38. Nf4 g3 39. Re3 g2 40. Nh3 Bc6 41. Rg3 Rc2 0-1

[Event "Early-Titled-Tuesday-Blitz-February-20-2024"]
[Site "Chess.com"]
[Date "2024.02.20"]
[Round "8"]
[White "LyonBeast"]
[Black "A-Fier"]
[Result "0-1"]
[WhiteElo "3158"]
[BlackElo "2843"]
[TimeControl "180+1"]
[EndTime "9:31:05 PST"]
[Termination "A-Fier won by resignation"]

1. e4 Nf6 2. e5 Nd5 3. Bc4 Nb6 4. Bb3 d6 5. Nf3 c5 6. d3 d5 7. Nbd2 Nc6 8. O-O Bg4 9. Re1 e6 10. c3 Be7 11. h3 Bf5 12. Bc2 O-O 13. Nf1 a5 14. a4 d4 15. Ng3 Bg6 16. c4 Nb4 17. b3 Nd7 18. Bf4 Qc7 19. Qd2 Rae8 20. Re2 Qb6 21.
Rae1 Nxc2 22. Qxc2 Nb8 23. Ne4 Nc6 24. Bd2 Nb4 25. Bxb4 Qxb4 26. g3 Qb6 27. Kg2 Qc6 28. Qd2 b6 29. Kh2 Bh5 30. g4 Bg6 31. Ng1 Bd8 32.
f4 Bc7 33. Nf3 f6 34. exf6 gxf6 35. Nh4 f5 36. Ng5 fxg4 37. Nxg6 hxg6 38. Rxe6 Bxf4+ 39. Qxf4 Rxf4 40. Rxe8+ Rf8 41. R8e6 Qc7+ 42. Kg2 gxh3+ 43.
Kxh3 Qg7 44. R1e5 Qh6+ 45. Kg3 Qh5 46. Rxb6 Qh1 47. Rxg6+ Kh8 48. Re2 Qg1+ 49. Rg2 Qe3+ 50. Kh2 Qf4+ 51. Kh3 Qf5+ 0-1

[Event "Early-Titled-Tuesday-Blitz-February-20-2024"]
[Site "Chess.com"]
[Date "2024.02.20"]
[Round "8"]
[White "Ural_bogatyr"]
[Black "Sattarov_Bobur"]
[Result "1-0"]
[WhiteElo "2619"]
[BlackElo "2796"]
[TimeControl "180+1"]
[EndTime "9:31:05 PST"]
[Termination "Ural_bogatyr won on time"]

1. d4 Nf6 2. Nc3 d5 3. Bf4 a6 4. e3 b5 5. Nf3 e6 6. Ne5 c5 7.
g4 Qb6 8. g5 Nfd7 9. h4 Nxe5 10.
Bxe5 Nc6 11. Bh3 Nxe5 12. dxe5 Bb7 13. Ne2 d4 14. O-O Rd8 15. exd4 cxd4 16. Bg2 Bxg2 17. Kxg2 Qc6+ 18. f3 Qc5 19. f4 g6 20. Qd3 h6 21.
a4 hxg5 22. hxg5 Qc6+ 23. Rf3 Bc5 24. axb5 axb5 25. Ra5 Rb8 26. Ng3 Kf8 27. Ne4 Bb6 28.
Rxb5 Kg7 29. Rb4 Rh4 30. Rc4 Qd5 31. Nf6 Qb5 32. Rh3 Rhh8 33. b3 Qa5 34. Rc6 Rxh3 35. Qxh3 Qd2+ 36. Kf1 Qd1+ 37. Kg2 Qe2+ 38. Kh1 Qe1+ 39.
Kg2 Qd2+ 40. Kg3 Qe1+ 41. Kf3 1-0

[Event "Early-Titled-Tuesday-Blitz-February-20-2024"]
[Site "Chess.com"]
[Date "2024.02.20"]
[Round "8"]
[White "MasterofMasters2006"]
[Black "Perecke"]
[Result "1-0"]
[WhiteElo "2308"]
[BlackElo "2489"]
[TimeControl "180+1"]
[EndTime "9:31:05 PST"]
[Termination "MasterofMasters2006 won on time"]

1. d4 Nf6 2. c4 e6 3. Nf3 b6 4. g3 Bb7 5. Bg2 Bb4+ 6. Bd2 Qe7 7. O-O Bxd2 8. Nbxd2 O-O 9. Qc2 d6 10. e4 e5 11. Rfe1 Nbd7 12. dxe5 dxe5 13. Rad1 Rad8 14. a3 Nc5 15. b4 Ne6 16. Nb3 Rxd1 17.
Qxd1 Rd8 18. Qc2 Nf8 19. Nh4 g6 20. c5 Qe6 21. Bf3 Ba6 22. Ng2 Bd3 23. Qc3 Qc4 24. Qxe5 N8d7 25. Qb2 Bc2 26. Nd2 Qd3 27. Re2 bxc5 28.
Ne1 Qa6 29. Nxc2 Ne5 30. Ne1 Nxf3+ 31. Ndxf3 c4 32. Qxf6 Qxf6 33. e5 Qe7 34. Rc2 c3 35. Rxc3 Rd1 36. Kg2 Kf8 37. Rc5 Ke8 38. Nc2 Kd7 39.
Ne3 Rb1 40. Nd5 Qe6 41. Rxc7+ Kd8 42. Rc5 Rd1 43. Nf4 Qa2 44. Ra5 Qb3 45. Rxa7 Ra1 46. Nd4 Qc3 47. Ra8+ Kd7 48. Nb5 1-0

[Event "Early-Titled-Tuesday-Blitz-February-20-2024"]
[Site "Chess.com"]
[Date "2024.02.20"]
[Round "8"]
[White "Nouali_Mohamed"]
[Black "AvitalBor"]
[Result "0-1"]
[WhiteElo "2545"]
[BlackElo "2768"]
[TimeControl "180+1"]
[EndTime "9:31:07 PST"]
[Termination "AvitalBor won by resignation"]

1. e4 c6 2. d4 d5 3. e5 c5 4. c4 cxd4 5. Nf3 Nc6 6. Nxd4 dxc4 7.
Nxc6 Qxd1+ 8. Kxd1 bxc6 9. Bxc4 Bf5 10. e6 Bxe6 11. Bxe6 fxe6 12. Nd2 g6 13. Kc2 Bg7 14. Re1 Nf6 15. Rxe6 Kd7 16. Re3 Nd5 17. Rd3 Kc7 18. a3 a5 19. Nf3 a4 20. Be3 Rhf8 21. Re1 h6 22. Bc1 Rf7 23. Re4 Ra5 24. Kd1 Rb5 25. Re2 g5 26. h3 Bf6 27. Rc2 Rf8 28. Rc4 Rfb8 29. Nd4 Bxd4 30. Rdxd4 Nb6 31. Rb4 Rf8 32. f3 Rxb4 33. Rxb4 c5 34. Re4 Kd6 35. Bd2 e6 36. Kc2 Kd5 37. Bc3 Rf5 38. h4 gxh4 39. Rxh4 h5 40. Rh3 Nc4 41. Bg7 Ne3+ 42. Kd3 Nxg2 43. Bh6 Ne1+ 44. Ke2 Nc2 45. Be3 Re5 46. f4 Rxe3+ 47.
Rxe3 Nxe3 48. Kxe3 h4 0-1

[Event "Early-Titled-Tuesday-Blitz-February-20-2024"]
[Site "Chess.com"]
[Date "2024.02.20"]
[Round "8"]
[White "shimastream"]
[Black "IM_ArthurDW08"]
[Result "0-1"]
[WhiteElo "2972"]
[BlackElo "2814"]
[TimeControl "180+1"]
[EndTime "9:31:08 PST"]
[Termination "IM_ArthurDW08 won on time"]

1. e4 e5 2. Nf3 Nc6 3. Nc3 Nf6 4.
h3 Bb4 5. Nd5 O-O 6. c3 Be7 7.
d3 d6 8. Nxe7+ Qxe7 9. g3 d5 10. Qc2 dxe4 11. dxe4 b6 12. Be3 a5 13. Be2 Ba6 14.
Bxa6 Rxa6 15. Nh4 Qe6 16. a4 Raa8 17. b3 Rad8 18. Kf1 Ne7 19. Kg2 Qc6 20. f3 h6 21. Kf2 g5 22. Ng2 Kg7 23. Rad1 Ng6 24. Bc1 Qe6 25. Ne3 Ne7 26. Kg2 Nh5 27. b4 axb4 28. cxb4 Nc6 29. Nf5+ Kh7 30. Qb2 Ng7 31. g4 Nxf5 32. gxf5 Qc4 33. b5 Nd4 34. Be3 Qxa4 35. h4 Nxf5 36. exf5 Rxd1 37. Rxd1 Qxd1 38. hxg5 e4 39.
fxe4 Qg4+ 40. Kf2 Qxe4 41. Qf6 Qh4+ 42. Kg2 hxg5 43. Bxg5 Qxg5+ 44. Qxg5 Rg8 45. Qxg8+ Kxg8 46. Kf3 Kf8 47. Ke4 Ke7 48. Kd5 f6 49. Kc6 Kd8 50.
Kb7 Kd7 51. Ka6 Kc8 52. Ka7 c5 0-1

[Event "Early-Titled-Tuesday-Blitz-February-20-2024"]
[Site "Chess.com"]
[Date "2024.02.20"]
[Round "8"]
[White "Matols"]
[Black "rcmz"]
[Result "1-0"]
[WhiteElo "2356"]
[BlackElo "2188"]
[TimeControl "180+1"]
[EndTime "9:31:11 PST"]
[Termination "Matols won by resignation"]

1. d4 d6 2. Nf3 Nd7 3. g3 h6 4. Bg2 g5 5. h3 c6 6. O-O Bg7 7. c3 Nf8 8. e4 Ng6 9. Re1 g4 10. hxg4 Bxg4 11. Nbd2 Qc7 12. Qb3 e5 13. a4 Be6 14. Qc2 Nf6 15. a5 Rc8 16. a6 b6 17.
dxe5 dxe5 18. Nf1 Ng4 19. Ne3 Nxe3 20. Bxe3 c5 21. Rad1 Kf8 22. Rd2 Kg8 23. Red1 Kh7 24. Bf1 Rhd8 25. Kg2 Bg4 26. Be2 Bxf3+ 27. Bxf3 Bf6 28.
Rh1 Bg7 29. Rxd8 Rxd8 30. Qc1 Kg8 31. Bxh6 Bxh6 32. Qxh6 Qe7 33. Qh7+ Kf8 34. Bh5 Qf6 35. Bxg6 Qxg6 36. Qxg6 fxg6 37. Rh8+ Ke7 38. Rxd8 Kxd8 39. Kf3 Ke7 40. Kg4 Kf6 41. f4 b5 42. b3 b4 43. c4 Ke6 44. Kg5 Kf7 45. fxe5 Ke6 46.
Kxg6 Kxe5 47. Kh5 Kxe4 48. g4 Kd3 49. g5 Kc3 50. g6 Kxb3 51. g7 Kxc4 52. g8=Q+ Kb5 53.
Qd5 Kb6 54. Kg5 Kxa6 55. Qxc5 b3 56. Qa3+ Kb5 57. Qxb3+ 1-0

[Event "Early-Titled-Tuesday-Blitz-February-20-2024"]
[Site "Chess.com"]
[Date "2024.02.20"]
[Round "8"]
[White "TimAina"]
[Black "arenal72"]
[Result "1-0"]
[WhiteElo "2793"]
[BlackElo "2582"]
[TimeControl "180+1"]
[EndTime "9:31:12 PST"]
[Termination "TimAina won by resignation"]

1. e4 Nc6 2. d4 d5 3. exd5 Qxd5 4. Nf3 Bg4 5. c4 Qa5+ 6. Nc3 O-O-O 7. d5 e6 8. Be2 exd5 9. cxd5 Bb4 10. O-O Bxc3 11.
bxc3 Rxd5 12. Qb3 Nf6 13. Rb1 b6 14. c4 Rd7 15. h3 Re8 16. Be3 Bf5 17. Rbd1 Rxd1 18.
Rxd1 Qb4 19. c5 Qxb3 20. axb3 Rd8 21. Rc1 Kb7 22. Ng5 Bg6 23. Bf3 Nd5 24. Rd1 Nce7 25. h4 h6 26. h5 Bc2 27. Nxf7 Bxd1 28. Nxd8+ Kc8 29. Bxd1 Kxd8 30. Bd4 Nf5 31. Be5 Nf6 32. g4 Ne7 33. cxb6 cxb6 34. f3 Kd7 35. Bc2 Ke6 36.
Bb2 Ned5 37. Kf2 a5 38. Bf5+ Kf7 39. Be5 b5 40. Bd3 a4 41. Bxb5 axb3 42. Bc4 Ke7 43. Bxb3 Nb6 44. Kg3 Nbd7 45. Bc3 Nc5 46. Bb4 Kd6 47.
Bc4 Kc6 48. f4 Nce4+ 49. Kf3 Nd6 50. Bd3 Nd5 51. Ba3 Kd7 52. Bb2 Nf6 53. Bg6 Ke6 54. g5 hxg5 55. fxg5 Nxh5 56. Bxh5 Kf5 57. Bc1 g6 58. Bg4+ Ke5 59. Bf4+ Kd5 60. Bxd6 Kxd6 61. Ke4 1-0

[Event "Early-Titled-Tuesday-Blitz-February-20-2024"]
[Site "Chess.com"]
[Date "2024.02.20"]
[Round "8"]
[White "HamedWafa4"]
[Black "Casper"]
[Result "1/2-1/2"]
[WhiteElo "2713"]
[BlackElo "2539"]
[TimeControl "180+1"]
[EndTime "9:31:12 PST"]
[Termination "Game drawn by repetition"]

1. e4 g6 2. d4 Bg7 3. Nf3 d6 4. Nc3 Bg4 5. Be2 Nc6 6. d5 Bxf3 7. Bxf3 Ne5 8. Be2 Nf6 9. O-O O-O 10. h3 e6 11.
dxe6 fxe6 12. f4 Nc6 13. Bc4 Qe7 14. f5 gxf5 15. exf5 d5 16. Bb3 exf5 17. Nxd5 Nxd5 18. Qxd5+ Kh8 19. c3 Rad8 20. Qe6 Qh4 21. Bf4 Rde8 22. Qc4 Re4 23. g3 Qxh3 24. Qd3 Rd8 25. Qf3 Ne5 26.
Bxe5 Bxe5 27. Rae1 Bxg3 28. Re2 Rg4 29. Rg2 Bh2+ 30.
Kh1 Bg3+ 31. Kg1 Bh2+ 32. Kh1 Qxf3 33. Rxf3 Rxg2 34. Kxg2 Rd2+ 35. Kh3 f4 36. Kg4 Kg7 37. Kf5 Bg3 38. Ke6 Rxb2 39. Kd7 c5 40. Kc7 a5 41.
Bd5 b5 42. Kc6 c4 43. Kb6 a4 44. Rf1 h5 45. Rh1 Kg6 46. Kc5 h4 47. Bc6 Kg5 48. Bxb5 h3 49. Rxh3 Kg4 50. Bd7+ Kg5 51. a3 Rb3 52. Kxc4 Rxa3 53. Kb4 Rb3+ 54. Kc4 Ra3 55. Kb4 Rb3+ 56. Kc4 Ra3 1/2-1/2

[Event "Early-Titled-Tuesday-Blitz-February-20-2024"]
[Site "Chess.com"]
[Date "2024.02.20"]
[Round "8"]
[White "LiadCuba"]
[Black "Preobrazhenska_D2011"]
[Result "1-0"]
[WhiteElo "2519"]
[BlackElo "2375"]
[TimeControl "180+1"]
[EndTime "9:31:13 PST"]
[Termination "LiadCuba won on time"]

1. d4 Nf6 2. c4 e6 3. Nc3 Bb4 4. f3 c5 5. d5 d6 6. e4 b5 7.
Ne2 bxc4 8. Nf4 exd5 9. Nxd5 O-O 10.
Bxc4 Nc6 11. Bg5 Ne5 12. Be2 Ned7 13. O-O h6 14. Bf4 Bxc3 15. Nxc3 Ne5 16. Qd2 Be6 17. Rfd1 Qc8 18. Qxd6 Ng6 19. Be3 c4 20. Qa3 Qc6 21. Rd6 Qb7 22. Rad1 Rab8 23. Rxe6 fxe6 24. Bxc4 Qxb2 25.
Bxe6+ Kh7 26. Qxb2 Rxb2 27. Bxa7 Kh8 28. Bd4 Nf4 29.
Bb3 Ne2+ 30. Nxe2 Rxe2 31. Bc3 Nh5 32. Rd7 Rc8 33. Rd3 Nf4 34. Kf1 Nxd3 35. Kxe2 Rxc3 36. Kd2 Rc7 37. Kxd3 Ra7 38. e5 g5 39. g3 Kg7 40. f4 g4 41. Ke4 Kf8 42. f5 Ke7 43. Kf4 h5 44. f6+ Kf8 45. e6 Ra6 46. Kf5 Ra5+ 47.
Kg6 Ra6 48. e7+ Ke8 49. Bf7+ Kd7 50. e8=Q+ 1-0